 Dungeon Crawl Stone Soup version 0.29.1-2-gbd0b4ee654 (webtiles) character file.

Game seed: 11109511048139011355

128 styxcanada the Sneak (level 4, -1/23 HPs)
             Began as a Spriggan Brigand on Nov 2, 2022.
             Slain by a centaur (6 damage)
             ... on level 3 of the Dungeon.
             The game lasted 00:07:59 (2401 turns).

styxcanada the Sneak (Spriggan Brigand)             Turns: 2401, Time: 00:08:00

Health: -1/23      AC:  2    Str:  7    XL:     4   Next: 87%
Magic:  5/5        EV: 18    Int: 12    God:
Gold:   73         SH:  0    Dex: 18    Spells: 3/3 levels left

rFire   + . .      SeeInvis +   a - +2 dagger
rCold   . . .      Faith    .   (no shield)
rNeg    . . .      Spirit   .   b - +0 robe
rPois   .          Reflect  .   (helmet restricted)
rElec   .          Harm     .   l - scarf {+Inv}
rCorr   .          Rampage  .   (gloves unavailable)
Will    .....                   (boots unavailable)
Stlth   ++++......              (no amulet)
HPRegen 0.07/turn               g - ring of protection from fire
MPRegen 0.09/turn               (no ring)

@: very quick
A: very small, no large weapons, unfitting armour, see invisible, speed 3
a: Evoke Invisibility


You were on level 3 of the Dungeon.
You visited 1 branch of the dungeon, and saw 3 of its levels.

You collected 73 gold pieces.

Inventory:

Hand Weapons
 a - a +2 dagger (weapon)
 i - a +0 sling
Missiles
 d - 6 poisoned darts (quivered)
 e - 3 curare-tipped darts
 h - 35 stones
Armour
 b - a +0 robe (worn)
 c - a +0 cloak
 l - a scarf of invisibility (worn)
Jewellery
 g - a ring of protection from fire (left hand)
Potions
 f - a potion of haste
 j - a potion of degeneration {unknown}
 k - 5 potions of curing {unknown}


   Skills:
 * Level 2.0 Fighting
 + Level 2.7 Short Blades
 + Level 2.7 Throwing
 * Level 3.0 Dodging
 * Level 7.5 Stealth
 * Level 0.1 Evocations


You had 3 spell levels left.
You didn't know any spells.
Your spell library was empty.

Dungeon Overview and Level Annotations

Branches:
Dungeon (3/15)

Altars:
Elyvilon


Innate Abilities, Weirdness & Mutations

You are very small and have problems with some larger weapons.
You are too small for most types of armour.
You have supernaturally acute eyesight. (SInv)
You cover ground extremely quickly. (Speed+++)


Message History

The giant cockroach barely misses you.
You hit the giant cockroach but do no damage.
The giant cockroach is almost dead.
The giant cockroach barely misses you.
You barely miss the giant cockroach.
The giant cockroach is almost dead.
The giant cockroach completely misses you.
You hit the giant cockroach.
You kill the giant cockroach!
You see here a giant cockroach corpse.
You open the door.
There is an open door here.
You open the door.
A centaur comes into view.
The centaur shouts!
The centaur wields a +0 shortbow.
The centaur shoots an arrow.
The arrow hits you!
Ouch! That really hurt!
There is an open door, spattered with blood here.
The centaur shoots an arrow.
The arrow misses you.
The centaur shoots an arrow.
The arrow closely misses you.
The centaur shoots an arrow.
The arrow barely misses you.
The centaur unwields a +0 shortbow.
The centaur hits you. The centaur completely misses you.
You hit the centaur.
The centaur is lightly wounded.
The centaur completely misses you. The centaur closely misses you.
You hit the centaur but do no damage.
The centaur is lightly wounded.
The centaur hits you.
* * * LOW HITPOINT WARNING * * *
The centaur closely misses you.
You hit the centaur but do no damage.
The centaur is lightly wounded.
The centaur completely misses you.
The centaur kicks you but does no damage.
You barely miss the centaur.
The centaur is lightly wounded.
The centaur hits you.
You die...

##.....##........
#................
#.###'###†##.....
#.# #.# #.##....#
#.###.###.......#
#.'.._###..##.#.#
#.###.###.## #.##
#.# #.# #.###.....
#@###'###.......#
#c.........######
####.#.#...#######
.#...#........
##.####.#.#######
#................
#.####..#.###.###
#.# #..#># #.# #.#
#..#.# #..


You could see a centaur.

Vanquished Creatures
  Jessica (D:2)
  3 gnolls (D:3)
  An adder (D:2)
  3 worms (D:2)
  A dart slug (D:3)
  An orc (D:3)
  8 ball pythons
  3 bats
  2 endoplasms (D:1)
  4 giant cockroaches
  4 goblins
  4 hobgoblins
  7 jackals (D:1)
  A quokka (D:2)
  4 frilled lizards
  A kobold (D:1)
  5 rats
53 creatures vanquished.

Vanquished Creatures (others)
  2 fungi (D:2)
  A plant (D:2)
3 creatures vanquished.

Grand Total: 56 creatures vanquished

Notes
Turn   | Place    | Note
-------+----------+-------------------------------------------
     0 | D:1      | styxcanada the Spriggan Brigand began the quest for the
                  | Orb.
     0 | D:1      | Reached XP level 1. HP: 10/10 MP: 2/2
   108 | D:1      | Reached skill level 6 in Stealth
   387 | D:1      | Reached XP level 2. HP: 13/14 MP: 3/3
   722 | D:1      | You fall into a shaft and drop 1 floor!
  1011 | D:1      | Reached XP level 3. HP: 18/18 MP: 4/4
  1550 | D:2      | Reached skill level 7 in Stealth
  1713 | D:2      | Noticed Jessica
  1725 | D:2      | Killed Jessica
  1726 | D:2      | Reached XP level 4. HP: 23/23 MP: 5/5
  1886 | D:2      | Found a faded altar of an unknown god.
  2370 | D:3      | Found a white marble altar of Elyvilon.
  2393 | D:3      | Noticed a centaur
  2401 | D:3      | Slain by a centaur

Illustrated notes

Levels and vault maps discovered:
D:1:      dpeg_arrival_round_a, layout_rooms
D:2:      layout_rooms, shapermc_ecumenical_altar_mp_urbaneastern, uniq_jessica
D:3:      layout_loops_ring, general_overflow_altar, lemuel_doored_altar,
          kennysheep_generic_room_6

Skill      XL: |  1  2  3  4 |
---------------+-------------+-----
Stealth        | 6 7 |  7.5
Dodging        | 2 3 |  3.0
Fighting       | 2 |  2.0
Short Blades   | |  2.7
Throwing       | |  2.7
Evocations     | |  0.1

Action                   |  1- 3 |  4- 6 || total
-------------------------+-------+-------++-------
Melee: Dagger            |   106 |    44 ||   150
       Punch             |     1 |       ||     1
Throw: Dart              |    26 |     6 ||    32
  Use: Scroll            |     4 |     2 ||     6
 Stab: Sleeping          |     7 |     1 ||     8
       Distracted        |       |     1 ||     1
Armor: Robe              |    14 |     4 ||    18
Dodge: Dodged            |    92 |    28 ||   120
